 Dungeon Crawl Stone Soup version 0.28.0-47-ge53b351184 (webtiles) character file.

Game seed: 11373822506184808820

197 pkoi the Shield-Bearer (level 5, -5/45 HPs)
             Began as a Demigod Fighter on May 3, 2022.
             Blown up by an orc (7 damage)
             ... with a mindburst bolt
             ... on level 4 of the Dungeon.
             The game lasted 00:03:18 (4334 turns).

pkoi the Shield-Bearer (Demigod Fighter)            Turns: 4334, Time: 00:03:19

Health: -5/45      AC: 11    Str: 17    XL:     5   Next: 22%
Magic:  7/7        EV:  9    Int: 10    God:
Gold:   73         SH:  5    Dex: 17    Spells: 4/4 levels left

rFire   . . .      SeeInvis .   b - +3 hunting sling (flame)
rCold   . . .      Faith    .   h - +0 buckler
rNeg    . . .      Spirit   .   k - +0 scale mail
rPois   .          Reflect  .   (no helmet)
rElec   .          Harm     .   (no cloak)
rCorr   .          Rampage  .   j - +2 pair of gloves
Will    .....                   g - +0 pair of boots
Stlth   ..........              (no amulet)
HPRegen 0.15/turn               m - ring of wizardry
MPRegen 0.10/turn               (no ring)

@: no status effects
A: high MP 1, forlorn, divine attributes
a: no special abilities


You were on level 4 of the Dungeon.
You visited 1 branch of the dungeon, and saw 4 of its levels.

You collected 73 gold pieces.

Inventory:

Hand Weapons
 a - the +7 dagger of Xualeur {freeze, rC++ Stlth+}
   (You found it on level 2 of the Dungeon)

   It freezes those it strikes, dealing additional cold damage.
   It can also slow down cold-blooded creatures.
   rC:        It greatly protects you from cold.
   Stlth:     It makes you more stealthy.
 b - a +3 hunting sling of flaming (weapon)
 d - a +0 whip
 f - a +0 dagger
Missiles
 e - 96 stones (quivered ammo)
Armour
 g - a +0 pair of boots (worn)
 h - a +0 buckler (worn)
 j - a +2 pair of gloves (worn)
 k - a +0 scale mail (worn)
Jewellery
 m - a ring of wizardry (left hand)
Wands
 r - a wand of iceblast (6)
Scrolls
 n - 2 scrolls of teleportation
Potions
 c - a potion of might
 i - a potion of attraction {unknown}
 l - a potion of magic {unknown}
 o - a potion of berserk rage {unknown}
 p - a potion of resistance {unknown}
 q - 2 potions of lignification {unknown}


   Skills:
 + Level 3.6 Fighting
 + Level 3.6 Armour
 + Level 3.6 Shields
 + Level 3.0 Unarmed Combat


You had 4 spell levels left.
You didn't know any spells.
Your spell library contained the following spells:

 Spells                   Type           Power      Damage    Failure   Level
 Foxfire                  Conj/Fire      0%         2x1d4     52%         1
 Conjure Flame            Conj/Fire      0%         6-21      86%         3
 Inner Flame              Hex/Fire       0%         N/A       86%         3
 Flame Wave               Conj/Fire      0%         2d4       99%         4


Dungeon Overview and Level Annotations

Branches:
Dungeon (4/15)
 Temple: D:4-7

Shops:
D:3 [


Innate Abilities, Weirdness & Mutations

You have an increased reservoir of magic. (+10% MP)
You shall have no god before yourself.
Your divine heritage dramatically boosts your attributes as you level up.


Message History

You shoot a stone. The stone hits the goblin.
The stone burns the goblin.
You kill the goblin!
Fire: 99 stones
Press: ? - help, Q - select action, (/) - cycle Shift-Dir - straight line, f - goblin
Aim: a goblin, wielding a +0 dagger, wearing a +0 chain mail and quivering stones (64% to hit)
You shoot a stone. The stone hits the goblin.
The stone burns the goblin.
You kill the goblin!
Fire: 98 stones
Press: ? - help, Q - select action, (/) - cycle Shift-Dir - straight line, f - you Really target yourself?
Okay, then.
Unknown command.
Unknown command.
You start resting.
An orc comes into view.
It is wielding a +0 trident and carrying a wand of mindburst (7).
An orc is nearby!
An orc is nearby!
Fire: 98 stones
Press: ? - help, Q - select action, (/) - cycle Shift-Dir - straight line, f - orc
Aim: an orc, wielding a +0 trident, wearing a +0 scale mail and carrying a wand of mindburst (7) (68% to hit)
You shoot a stone. The stone hits the orc.
The stone burns the orc.
The orc is severely wounded.
Fire: 97 stones
Press: ? - help, Q - select action, (/) - cycle Shift-Dir - straight line, f - you Really target yourself?
Okay, then.
You start resting.
An orc is nearby!
An orc is nearby!
The orc zaps a wand.
Your mind is blasted!
* * * LOW HITPOINT WARNING * * *
The orc zaps a wand.
Your mind is blasted!
* * * LOW HITPOINT WARNING * * *
Fire: 97 stones
Press: ? - help, Q - select action, (/) - cycle Shift-Dir - straight line, f - orc
Aim: an orc, wielding a +0 trident, wearing a +0 scale mail and carrying a wand of mindburst (5) (heavily wounded, 68% to hit)
You shoot a stone. The stone hits the orc.
The stone burns the orc.
The orc is severely wounded.
The orc zaps a wand.
Your mind is blasted!
You die...

#.####
#.# #.#
##.# .##
###..#
.(.
##...##
.)
##..###
..
###..##
#. #.@.##
#. ##.###
#.##..#
#....##
#)(###
#.o.((#
((()(##(.
.....
..## ....
#.#


You could see an orc.

Vanquished Creatures
  A howler monkey (D:4)
  Natasha (twice) (D:3)
  Terence (D:3)
  An adder (D:3)
  A white imp (D:4)
  An adder skeleton (D:4)
  3 dart slugs (D:1)
  5 bats
  4 endoplasms
  4 goblins
  7 hobgoblins
  3 jackals (D:1)
  2 quokkas
  6 ball pythons
  A frilled lizard (D:1)
  9 kobolds
  6 rats
57 creatures vanquished.

Notes
Turn   | Place    | Note
-------+----------+-------------------------------------------
     0 | D:1      | pkoi the Demigod Fighter began the quest for the Orb.
     0 | D:1      | Reached XP level 1. HP: 18/18 MP: 3/3
  1158 | D:1      | Reached XP level 2. HP: 21/25 MP: 4/4
  1686 | D:1      | Reached XP level 3. HP: 31/31 MP: 5/5
  2136 | D:2      | Identified the +7 dagger of Xualeur {freeze, rC++ Stlth+}
  2906 | D:2      | Identified the +2 hand axe "Zueqof" {freeze, *Rage +Blink
                  | Will+ Int+4}
  3091 | D:3      | Found Xufyaca's Armour Shoppe.
  3149 | D:3      | Noticed Terence
  3154 | D:3      | Killed Terence
  3239 | D:3      | Noticed Natasha
  3247 | D:3      | Killed Natasha
  3248 | D:3      | Reached XP level 4. HP: 15/38 MP: 6/6
  3743 | D:3      | Noticed Natasha
  3752 | D:3      | Killed Natasha
  4233 | D:4      | Reached XP level 5. HP: 44/45 MP: 7/7
  4333 | D:4      | HP: 2/45 [disintegration (13)]
  4334 | D:4      | Blown up by an orc

Illustrated notes

Levels and vault maps discovered:
D:1:      dpeg_arrival_signposts, layout_basic, nrook_mini_vaults,
          kennysheep_pointless_box
D:2:      layout_loops_corners, chequers_ecumenical_altar_island,
          kennysheep_generic_room_2
D:3:      layout_loops_corners, general_overflow_altar, serial_shops, shop,
          uniq_terence, uniq_natasha
D:4:      layout_rooms, serial_glass, glass_columns_b, glass_columns_b,
          minmay_bent

Skill      XL: |  1  2  3  4  5 |
---------------+----------------+-----
Unarmed Combat | 2 3 |  3.0
Fighting       | 3 |  3.6
Armour         | 3 |  3.6
Shields        | 3 |  3.6

Action                   |  1- 3 |  4- 6 || total
-------------------------+-------+-------++-------
Melee: Whip              |    81 |       ||    81
       Unarmed           |    10 |       ||    10
       Dagger            |    11 |     6 ||    17
 Fire: Hunting sling     |    42 |    32 ||    74
  Use: Scroll            |       |     3 ||     3
Armor: Scale mail        |    56 |     8 ||    64
Dodge: Dodged            |    58 |     5 ||    63
Block: Buckler           |    17 |     2 ||    19
